 Dungeon Crawl Stone Soup version 0.25.1-2-g60ff931df9 (webtiles) character file.

Game seed: 10391143284486821994

196 hawla the Conjurer (level 5, 0/38 HPs)
             Began as a Draconian Conjurer on Nov 17, 2020.
             Slain by an orc
             ... wielding a +0 dagger
              (2 damage)
             ... on level 3 of the Dungeon.
             The game lasted 00:09:40 (3570 turns).

hawla the Conjurer (Draconian Conjurer)             Turns: 3570, Time: 00:09:43

Health: 0/38       AC:  5    Str: 10    XL:     5   Next: 46%
Magic:  0/10       EV: 12    Int: 16    God:
Gold:   127        SH:  0    Dex: 12    Spells: 4/11 levels left

rFire    . . .     SeeInvis .   t - staff of air
rCold    . . .     Gourm    .   (no shield)
rNeg     . . .     Faith    .   (armour unavailable)
rPois    .         Spirit   .   (helmet restricted)
rElec    +         Reflect  .   (no cloak)
rCorr    .         Harm     .   (no gloves)
MR       .....                  (no boots)
Stlth    ++........             (no amulet)
HPRegen  0.12/turn              h - ring of wizardry
MPRegen  0.12/turn              (no ring)

@: no status effects
A: unfitting armour, cold-blooded, AC +5
a: no special abilities


You were on level 3 of the Dungeon.
You were not hungry.

You visited 1 branch of the dungeon, and saw 3 of its levels.

You collected 127 gold pieces.

Inventory:

Magical Staves
 t - an uncursed staff of air (weapon)
Jewellery
 h - a ring of wizardry (left hand)
Wands
 p - a wand of acid (3)
Scrolls
 a - a scroll of remove curse {unknown}
 e - 2 scrolls of identify
 g - 2 scrolls of enchant weapon {unknown}
 i - a scroll of random uselessness {unknown}
 k - 2 scrolls of teleportation {unknown}
 l - 2 scrolls of enchant armour {unknown}
 o - a scroll of noise {unknown}
Potions
 c - a potion of curing
 d - a potion of haste
 f - 2 potions of flight {unknown}
 j - a potion of resistance
 m - a potion of might {unknown}
 n - a potion of invisibility {unknown}
 q - a potion of stabbing {unknown}
 s - a potion of cancellation {unknown}
Comestibles
 b - 4 rations
 r - 6 chunks of flesh


   Skills:
 - Level 1.7 Dodging
 - Level 1.7 Stealth
 - Level 3.8 Spellcasting
 + Level 5.1 Conjurations
 + Level 2.3 Translocations


You had 4 spell levels left.
You knew the following spells:

 Your Spells              Type           Power        Failure   Level  Hunger
a - Magic Dart            Conj           ###.         1%          1    None
b - Searing Ray           Conj           ###...       1%          2    ##.....
c - Iskenderun's Mystic   Conj/Tloc      ##......     16%         4    ####...

Your spell library contained the following spells:

 Spells                   Type           Power        Failure   Level  Hunger
 Dazzling Flash           Conj/Hex       ##....       8%          3    ###....
 Fulminant Prism          Conj/Hex       ##........   24%         4    ####...


Dungeon Overview and Level Annotations

Branches:
Dungeon (3/15)

Altars:
Makhleb
Wu Jian
Yredelemnul


Innate Abilities, Weirdness & Mutations

Your plain brown scales are hard. (AC +5)
You cannot fit into any form of body armour.
You are cold-blooded and may be slowed by cold attacks.


Message History

You erupt in a blast of force!
The mystic blast hits the orc but does no damage.
The orc is moderately wounded.
The mystic blast hits the orc warrior.
The orc warrior is moderately wounded.
The orc warrior is knocked back by the mystic blast.
The orc warrior slams into the rock wall!
Casting: Iskenderun's Mystic Blast (quite dangerous; 16% risk of failure)
Confirm with . or Enter, or press ? or * to list all spells.
Aiming: Searing Ray (safe; 1% risk of failure)
Press: ? - help, Shift-Dir - straight line, f - orc
Aim: an orc, wielding a +0 dagger (almost dead)
The searing ray hits the orc!
You kill the orc! (Press . to maintain the ray.)
The orc warrior hits you with a +0 battleaxe!!
Ouch! That really hurt!
* * * LOW HITPOINT WARNING * * *
The orc hits you with a +0 dagger.
You die...

#..###+###.#.......#
#.g.
##)###_'...##.....##
#..#
#.###'###.###...##
#..# #.# #.# #.#
##'## #..# .#
#.###.###.# #.#
#..##..#. #.........#
#.# ###....S...
#####....## ##.##
#.o..o.?# #...##
##..)## #.#######
#.### #.@o..###.####
#.# ##.o.........#
#..........#.###.##.#
#########..#.# #.# #
#..... ..# ##.#.#####
#.#.# ##### #.#.#
#########...###.#..


You could see an orc warrior and an orc.

Vanquished Creatures
  An orc wizard (D:3)
  4 gnolls (D:3)
  3 adders
  3 oozes
  A worm (D:2)
  3 dart slugs
  5 leopard geckos
  5 orcs (D:3)
  3 giant cockroaches
  8 goblins
  7 hobgoblins
  3 quokkas
  A ball python (D:3)
  10 bats
  7 frilled lizards
  8 kobolds
  8 rats
80 creatures vanquished.

Notes
Turn   | Place    | Note
-------+----------+-------------------------------------------
     0 | D:1      | hawla the Draconian Conjurer began the quest for the Orb.
     0 | D:1      | Reached XP level 1. HP: 14/14 MP: 3/3
   233 | D:1      | Reached XP level 2. HP: 20/20 MP: 0/5
   237 | D:1      | Learned a level 2 spell: Searing Ray
   823 | D:1      | Reached XP level 3. HP: 26/26 MP: 4/7
  1998 | D:2      | Reached XP level 4. HP: 33/33 MP: 4/9
  2067 | D:2      | Learned a level 4 spell: Iskenderun's Mystic Blast
  2132 | D:2      | Found a basalt altar of Yredelemnul.
  2868 | D:3      | Reached skill level 1 in Translocations
  3131 | D:3      | Reached XP level 5. HP: 38/38 MP: 6/10
  3197 | D:3      | Found a burning altar of Makhleb.
  3413 | D:3      | Reached skill level 5 in Conjurations
  3514 | D:3      | Found an ornate altar of the Wu Jian Council.
  3549 | D:3      | Noticed an orc warrior
  3570 | D:3      | Slain by an orc

Illustrated notes

Levels and vault maps discovered:
D:1:      dpeg_arrival_subterranean_lakeside_camping, layout_basic
D:2:      layout_basic, minmay_misc_feat_doors, yredelemnul_altar_generic
D:3:      layout_loops_corners, lemuel_round_altar, marbit_many_paths,
          lemuel_doored_altar, first_ration

Skill      XL: |  1  2  3  4  5 |
---------------+----------------+-----
Spellcasting   | 3 |  3.8
Translocations | 1 2 |  2.3
Conjurations   | 5 |  5.1
Dodging        | |  1.7
Stealth        | |  1.7

Action                   |  1- 3 |  4- 6 || total
-------------------------+-------+-------++-------
Melee: Unarmed           |    11 |    16 ||    27
       Tailslap          |     1 |     3 ||     4
       Staff             |       |     8 ||     8
 Cast: Magic Dart        |    72 |    41 ||   113
       Searing Ray       |    12 |     7 ||    19
       Iskenderun's Myst |       |     4 ||     4
  Use: Scroll            |       |     3 ||     3
  Eat: Chunk             |     4 |     6 ||    10
Armor: Skin              |     5 |    15 ||    20
Dodge: Dodged            |     8 |    34 ||    42
